PCL
TACOMA RAINIERS @ ALBUQUERQUE ISOTOPES
04/22/2099
 
TOP OF THE 1ST
Tacoma Rainiers batting - Pitching for Albuquerque Isotopes : RHP Mike Wood
Pitching: RHP Mike Wood
Batting: RHB Sean Boyd 0-0: Ball
1-0: Foul Ball, location: 3F
1-1: SOLO HOME RUN (Flyball, 7LD, EV 90.0 MPH), Distance : 337 ft
Batting: RHB Alan Burdett 0-0: Called Strike
0-1: Foul Ball, location: 9LSF
0-2: Ball
1-2: Ground out 6-3 (Groundball, 6, EV 80.0 MPH)
Batting: RHB Dan Shell 0-0: Ball
1-0: Ball
2-0: Ball
3-0: Called Strike
3-1: Fly out, F8 (Flyball, 8LM, EV 97.5 MPH)
Batting: RHB Adam Barker 0-0: Ball
1-0: Ball
2-0: Ball
3-0: Called Strike
3-1: Fly out, F9 (Flyball, 9D, EV 85.6 MPH)
Top of the 1st over - 1 run, 1 hit, 0 errors, 0 left on base; Tacoma 1 - Albuquerque 0
BOTTOM OF THE 1ST
Albuquerque Isotopes batting - Pitching for Tacoma Rainiers : RHP Jason Jones
Pitching: RHP Jason Jones
Batting: RHB Bill Larimer 0-0: Swinging Strike
0-1: Ball
1-1: Fly out, F5 (Line Drive, 5, EV 66.9 MPH)
Batting: LHB Dan McRae 0-0: Ball
1-0: Called Strike
1-1: Ball
2-1: Called Strike
2-2: Foul Ball, location: 2LF
2-2: Strikes out swinging
Batting: SHB Jon Coverly 0-0: Ball
1-0: Ball
2-0: Swinging Strike
2-1: Ball
3-1: Base on Balls
Batting: RHB Hugo Sanchez 0-0: Ball
1-0: Called Strike
1-1: Called Strike
1-2: Ball
2-2: Foul Ball, location: 2F
2-2: Foul Ball, location: 5FF
2-2: Fly out, F2 (Popup, 2RF, EV 95.6 MPH)
Bottom of the 1st over - 0 runs, 0 hits, 0 errors, 1 left on base; Tacoma 1 - Albuquerque 0
TOP OF THE 2ND
Tacoma Rainiers batting - Pitching for Albuquerque Isotopes : RHP Mike Wood
Batting: RHB Rick Norman 0-0: Ball
1-0: Ball
2-0: Called Strike
2-1: Fly out, F8 (Line Drive, 8LD, EV 97.5 MPH)
Batting: RHB John Ramirez 0-0: Ball
1-0: Foul Ball, location: 3SF
1-1: Ball
2-1: Ground out 4-3 (Groundball, 4M, EV 85.0 MPH)
Batting: RHB Jim Unknown 0-0: SINGLE (Groundball, 4MD, EV 96.9 MPH)
Batting: SHB Jim Unknown 0-0: Ball
1-0: Foul Ball, location: 2F
1-1: Ball
2-1: Swinging Strike
2-2: Ball
3-2: Foul Ball, location: 23F
3-2: Strikes out swinging
Top of the 2nd over - 0 runs, 1 hit, 0 errors, 1 left on base; Tacoma 1 - Albuquerque 0
BOTTOM OF THE 2ND
Albuquerque Isotopes batting - Pitching for Tacoma Rainiers : RHP Jason Jones
Batting: LHB Josh Bell 0-0: Ball
1-0: Foul Ball, location: 9LDF
1-1: Ball
2-1: Foul Ball, location: 2F
2-2: Fly out, F7 (Line Drive, 7S, EV 88.8 MPH)
Batting: RHB Benny Scanlon 0-0: Foul Ball, location: 9LDF
0-1: Called Strike
0-2: Ball
1-2: Foul Ball, location: 2F
1-2: Foul Ball, location: 5F
1-2: Ball
2-2: Ball
3-2: Base on Balls
Batting: LHB Matt Fahey 0-0: Called Strike
0-1: Ball
1-1: Ball
2-1: Ball
3-1: Base on Balls
Benny Scanlon to second
Batting: LHB Gerardo de Leon 0-0: Called Strike
0-1: Ball
1-1: Called Strike
1-2: Ball
2-2: DOUBLE (Line Drive, 5D, EV 97.5 MPH)
Benny Scanlon scores
Matt Fahey to third
Runner from 3rd tries for Home, SAFE, throw by LF to home
Batting: RHB Josh Peterson 0-0: Called Strike
0-1: Ball
1-1: Swinging Strike
1-2: Ball
2-2: Strikes out swinging
Batting: RHB Bill Larimer 0-0: Foul Ball, location: 2F
0-1: Swinging Strike
0-2: Ball
1-2: Ground out U3 (Groundball, 34S, EV 82.5 MPH)
Bottom of the 2nd over - 2 runs, 1 hit, 0 errors, 1 left on base; Tacoma 1 - Albuquerque 2
TOP OF THE 3RD
Tacoma Rainiers batting - Pitching for Albuquerque Isotopes : RHP Mike Wood
Batting: RHB Jim Unknown 0-0: Foul Ball, location: 2F
0-1: Ball
1-1: Swinging Strike
1-2: Strikes out swinging
Batting: RHB Sean Boyd 0-0: Ball
1-0: Ball
2-0: Ball
3-0: Base on Balls
Batting: RHB Alan Burdett 0-0: Ball
Sean Boyd steals 2nd base (no throw)
1-0: Ball
2-0: Foul Ball, location: 2F
2-1: Foul Ball, location: 2F
2-2: SINGLE (Line Drive, 78S, EV 101.3 MPH)
Sean Boyd to third
Batting: RHB Dan Shell 0-0: Called Strike
0-1: Ball
1-1: Swinging Strike
1-2: Strikes out looking
Batting: RHB Adam Barker 0-0: Foul Ball, location: 3FF
0-1: Ball
1-1: Ball
2-1: Ball
3-1: Called Strike
3-2: Foul Ball, location: 2LF
3-2: Base on Balls
Alan Burdett to second
Batting: RHB Rick Norman 0-0: Swinging Strike
0-1: Swinging Strike
0-2: Ball
1-2: Foul Ball, location: 9LMF
1-2: Ball
2-2: Ball
3-2: Strikes out swinging
Top of the 3rd over - 0 runs, 1 hit, 0 errors, 3 left on base; Tacoma 1 - Albuquerque 2
BOTTOM OF THE 3RD
Albuquerque Isotopes batting - Pitching for Tacoma Rainiers : RHP Jason Jones
Batting: LHB Dan McRae 0-0: Ball
1-0: Ball
2-0: Swinging Strike
2-1: Ball
3-1: Base on Balls
Batting: SHB Jon Coverly 0-0: Ball
Dan McRae steals 2nd base
1-0: Ball
2-0: Ball
3-0: Base on Balls
Batting: RHB Hugo Sanchez 0-0: Ball
1-0: Swinging Strike
1-1: Foul Ball, location: 9LSF
1-2: Strikes out looking
Batting: LHB Josh Bell 0-0: Called Strike
0-1: Ball
Dan McRae steals 3rd base
1-1: Foul Ball, location: 3F
1-2: Ball
2-2: Ball
3-2: Base on Balls
Jon Coverly to second
Batting: RHB Benny Scanlon 0-0: Foul Ball, location: 2F
0-1: Ball
1-1: Called Strike
1-2: SINGLE (Flyball, 8RS, EV 91.9 MPH)
Dan McRae scores
Jon Coverly to third
Josh Bell to second
Batting: LHB Matt Fahey 0-0: Called Strike
0-1: Ball
1-1: Ball
2-1: Ball
3-1: Foul Ball, location: 2F
3-2: Foul Ball, location: 7LSF
3-2: Base on Balls
Jon Coverly scores
Josh Bell to third
Benny Scanlon to second
Batting: LHB Gerardo de Leon 0-0: Ball
1-0: Called Strike
1-1: DOUBLE (Line Drive, 8LXD, EV 105.0 MPH)
Josh Bell scores
Benny Scanlon scores
Matt Fahey to third
Runner from 3rd tries for Home, SAFE, throw by CF to trailing runner, SAFE at third!
Pitching: RHP Cole Campbell
Batting: RHB Josh Peterson 0-0: Fly out, F7 (Flyball, 7LMF, EV 91.9 MPH)
Runner from 3rd tags up, OUT at HOME! 7-2
Bottom of the 3rd over - 5 runs, 2 hits, 0 errors, 0 left on base; Tacoma 1 - Albuquerque 7
TOP OF THE 4TH
Tacoma Rainiers batting - Pitching for Albuquerque Isotopes : RHP Mike Wood
Now in CF: Chris Church
Batting: RHB John Ramirez 0-0: Ball
1-0: Ball
2-0: Ball
3-0: Base on Balls
Batting: RHB Jim Unknown 0-0: Ball
1-0: Called Strike
1-1: Called Strike
John Ramirez steals 2nd base
1-2: Foul Ball, location: 23FF
1-2: Ball
2-2: Strikes out looking
Batting: SHB Jim Unknown 0-0: Called Strike
0-1: Foul Ball, location: 9LMF
0-2: Strikes out looking
Batting: RHB Jim Unknown 0-0: Called Strike
0-1: Swinging Strike
0-2: Strikes out looking
Top of the 4th over - 0 runs, 0 hits, 0 errors, 1 left on base; Tacoma 1 - Albuquerque 7
BOTTOM OF THE 4TH
Albuquerque Isotopes batting - Pitching for Tacoma Rainiers : RHP Cole Campbell
Batting: RHB Bill Larimer 0-0: Ball
1-0: Ground out 6-3 (Groundball, 6S, EV 62.5 MPH)
Batting: LHB Dan McRae 0-0: Ball
1-0: Fly out, F8 (Flyball, 78M, EV 85.0 MPH)
Batting: SHB Jon Coverly 0-0: SINGLE (Groundball, 34D, EV 103.1 MPH)
Batting: RHB Hugo Sanchez 0-0: Ball
1-0: Foul Ball, location: 3FF
1-1: Foul Ball, location: 3F
1-2: Ball
2-2: Ball
3-2: SINGLE (Groundball, 34D, EV 108.1 MPH)
Jon Coverly to second
Jon Coverly to third
Batting: LHB Josh Bell 0-0: Ball
1-0: Ball
2-0: Ball
3-0: Called Strike
3-1: Called Strike
3-2: SINGLE (Groundball, 4D, EV 100.0 MPH)
Jon Coverly scores
Hugo Sanchez to second
Hugo Sanchez to third
Batting: RHB Benny Scanlon 0-0: DOUBLE (Groundball, 5L, EV 101.3 MPH)
Hugo Sanchez scores
Josh Bell to third
Batting: LHB Matt Fahey 0-0: Called Strike
0-1: Ball
1-1: Foul Ball, location: 2LF
1-2: Fly out, F7 (Flyball, 7, EV 89.4 MPH)
Bottom of the 4th over - 2 runs, 4 hits, 0 errors, 2 left on base; Tacoma 1 - Albuquerque 9
TOP OF THE 5TH
Tacoma Rainiers batting - Pitching for Albuquerque Isotopes : RHP Mike Wood
Batting: RHB Sean Boyd 0-0: Foul Ball, location: 2F
0-1: Ball
1-1: Ball
2-1: Foul Ball, location: 9LSF
2-2: Strikes out swinging
Batting: RHB Alan Burdett 0-0: Ball
1-0: Foul Ball, location: 9LMF
1-1: Called Strike
1-2: Foul Ball, location: 2F
1-2: Strikes out looking
Batting: RHB Dan Shell 0-0: Swinging Strike
0-1: Swinging Strike
0-2: Foul Ball, location: 2F
0-2: Ball
1-2: Strikes out swinging
Top of the 5th over - 0 runs, 0 hits, 0 errors, 0 left on base; Tacoma 1 - Albuquerque 9
BOTTOM OF THE 5TH
Albuquerque Isotopes batting - Pitching for Tacoma Rainiers : RHP Cole Campbell
Batting: RHB Chris Church 0-0: Called Strike
0-1: Ground out 5-3 (Groundball, 5, EV 106.9 MPH)
Batting: RHB Josh Peterson 0-0: Called Strike
0-1: SINGLE (Groundball, 6MD, EV 97.5 MPH)
Batting: RHB Bill Larimer 0-0: Ball
1-0: Ball
2-0: Called Strike
2-1: Fly out, F9 (Flyball, 9LM, EV 85.6 MPH)
Batting: LHB Dan McRae 0-0: SINGLE (Line Drive, 9S, EV 101.3 MPH)
Josh Peterson to second
Batting: SHB Jon Coverly 0-0: Foul Ball, location: 2F
0-1: Swinging Strike
0-2: Ball
1-2: Fly out, F5 (Popup, 56S, EV 80.0 MPH)
Bottom of the 5th over - 0 runs, 2 hits, 0 errors, 2 left on base; Tacoma 1 - Albuquerque 9
TOP OF THE 6TH
Tacoma Rainiers batting - Pitching for Albuquerque Isotopes : RHP Mike Wood
Batting: RHB Adam Barker 0-0: Ball
1-0: Foul Ball, location: 2F
1-1: Ball
2-1: Ball
3-1: Called Strike
3-2: Foul Ball, location: 2F
3-2: SINGLE (Line Drive, 34D, EV 93.8 MPH)
Pitching: RHP Keith Woolsey
Batting: RHB Rick Norman 0-0: Called Strike
0-1: Ball
1-1: Ball
2-1: Foul Ball, location: 3F
2-2: Hit by Pitch
Adam Barker to second
Batting: RHB John Ramirez 0-0: Ball
1-0: SINGLE (Line Drive, 89S, EV 96.3 MPH)
Adam Barker to third
Rick Norman to second
Batting: RHB Jim Unknown 0-0: Grounds into double play, 6-4-3 (Groundball, 6, EV 90.0 MPH)
Adam Barker scores
Rick Norman to third
Pitching: RHP Dave Vallee
Batting: SHB Jim Unknown 0-0: Called Strike
0-1: Fly out, F9 (Flyball, 9D, EV 97.5 MPH)
Top of the 6th over - 1 run, 2 hits, 0 errors, 1 left on base; Tacoma 2 - Albuquerque 9
BOTTOM OF THE 6TH
Albuquerque Isotopes batting - Pitching for Tacoma Rainiers : RHP Cole Campbell
Batting: RHB Hugo Sanchez 0-0: Called Strike
0-1: Ball
1-1: Swinging Strike
1-2: SINGLE (Line Drive, 4D, EV 98.8 MPH)
Batting: LHB Josh Bell 0-0: Ball
1-0: Ball
2-0: Foul Ball, location: 7LMF
2-1: Foul Ball, location: 2F
2-2: Strikes out looking
Pitching: LHP Josh Raggett
Batting: RHB Benny Scanlon 0-0: Fly out, F8 (Flyball, 8RM, EV 87.5 MPH)
Batting: LHB Matt Fahey 0-0: Ball
1-0: Swinging Strike
1-1: Ground out U3 (Groundball, 3L, EV 105.6 MPH)
Bottom of the 6th over - 0 runs, 1 hit, 0 errors, 1 left on base; Tacoma 2 - Albuquerque 9
TOP OF THE 7TH
Tacoma Rainiers batting - Pitching for Albuquerque Isotopes : RHP Dave Vallee
Batting: RHB Jim Unknown 0-0: Called Strike
0-1: Ball
1-1: SINGLE (Groundball, 4MD, EV 98.1 MPH)
Pinch Hitting: RHB Jim Unknown 0-0: Ball
1-0: Fielders Choice at 2nd, 3-6 (Groundball, 13, EV 80.0 MPH)
Batting: RHB Alan Burdett 0-0: Ball
1-0: Swinging Strike
1-1: Ball
2-1: Swinging Strike
2-2: Foul Ball, location: 9LSF
2-2: Fly out, F4 (Popup, 4M, EV 51.9 MPH)
Batting: RHB Dan Shell 0-0: Called Strike
0-1: Called Strike
0-2: Strikes out swinging
Top of the 7th over - 0 runs, 1 hit, 0 errors, 1 left on base; Tacoma 2 - Albuquerque 9
BOTTOM OF THE 7TH
Albuquerque Isotopes batting - Pitching for Tacoma Rainiers : LHP Josh Raggett
Now at 2B: Alan Burdett
Now at 3B: Jim Unknown
Now at SS: Jim Unknown
Batting: RHB Chris Church 0-0: SINGLE (Line Drive, 78S, EV 105.0 MPH)
Batting: RHB Josh Peterson 0-0: Ball
1-0: Ball
2-0: Ball
3-0: Called Strike
3-1: Grounds into double play, 6-4-3 (Groundball, 56D, EV 101.9 MPH)
Batting: RHB Bill Larimer 0-0: Ball
1-0: Called Strike
1-1: Ground out 4-3 (Groundball, 4, EV 98.1 MPH)
Bottom of the 7th over - 0 runs, 1 hit, 0 errors, 0 left on base; Tacoma 2 - Albuquerque 9
TOP OF THE 8TH
Tacoma Rainiers batting - Pitching for Albuquerque Isotopes : RHP Dave Vallee
Batting: RHB Adam Barker 0-0: Called Strike
0-1: Called Strike
0-2: Foul Ball, location: 7LMF
0-2: SOLO HOME RUN (Flyball, 9D, EV 102.5 MPH), Distance : 397 ft
Batting: RHB Rick Norman 0-0: Ball
1-0: Ball
2-0: Fly out, F9 (Flyball, 9LD, EV 90.6 MPH)
Batting: RHB John Ramirez 0-0: SINGLE (Line Drive, 3D, EV 97.5 MPH)
Batting: RHB Jim Unknown 0-0: Ground out 6-3 (Groundball, 6MS, EV 88.8 MPH)
John Ramirez to second
Batting: SHB Jim Unknown 0-0: Ball
1-0: Ball
2-0: Ball
3-0: Called Strike
3-1: Fly out, F7 (Flyball, 78M, EV 96.9 MPH)
Top of the 8th over - 1 run, 2 hits, 0 errors, 1 left on base; Tacoma 3 - Albuquerque 9
BOTTOM OF THE 8TH
Albuquerque Isotopes batting - Pitching for Tacoma Rainiers : LHP Josh Raggett
Batting: LHB Dan McRae 0-0: Ball
1-0: Ground out 4-3 (Groundball, 4, EV 85.0 MPH)
Batting: SHB Jon Coverly 0-0: Foul Ball, location: 2F
0-1: Ball
1-1: Called Strike
1-2: Fly out, F7 (Flyball, 7, EV 91.9 MPH)
Batting: RHB Hugo Sanchez 0-0: Ball
1-0: Foul Ball, location: 5FF
1-1: Called Strike
1-2: Ball
2-2: Foul Ball, location: 2F
2-2: Ground out 6-3 (Groundball, P, EV 79.4 MPH)
Bottom of the 8th over - 0 runs, 0 hits, 0 errors, 0 left on base; Tacoma 3 - Albuquerque 9
TOP OF THE 9TH
Tacoma Rainiers batting - Pitching for Albuquerque Isotopes : RHP Dave Vallee
Batting: SHB Jim Unknown 0-0: Ball
1-0: SINGLE (Line Drive, 8RS, EV 104.4 MPH)
Batting: RHB Jim Unknown 0-0: Ball
1-0: Fly out, F8 (Flyball, 8RM, EV 95.6 MPH)
Batting: RHB Alan Burdett 0-0: Fly out, F5 (Popup, 56, EV 73.1 MPH)
Batting: RHB Dan Shell 0-0: Called Strike
0-1: Ball
1-1: Ball
2-1: SINGLE (Line Drive, 78M, EV 105.0 MPH)
Jim Unknown to second
Batting: RHB Adam Barker 0-0: Called Strike
0-1: Ball
1-1: Ball
2-1: Foul Ball, location: 3F
2-2: Ball
3-2: Base on Balls
Jim Unknown to third
Dan Shell to second
Batting: RHB Rick Norman 0-0: Ball
1-0: Fly out, F9 (Flyball, 89S, EV 97.5 MPH)
Top of the 9th over - 0 runs, 2 hits, 0 errors, 3 left on base; Tacoma 3 - Albuquerque 9
Thursday, May 2nd , 2024 - OOTP Baseball 24.11 Build 85